 Dungeon Crawl Stone Soup version 0.21.1-1-g345015f (webtiles) character file.

511 Iko the Cutter (level 7, -5/58 HPs)
             Began as a Ghoul Chaos Knight on May 13, 2018.
             Slain by Menkaure (14 damage)
             ... on level 7 of the Dungeon.
             The game lasted 00:14:47 (853 turns).

Iko the Cutter (Ghoul Chaos Knight)                  Turns: 853, Time: 00:14:48

Health: -5/58      AC: 10    Str: 16    XL:     7   Next: 19%
Magic:  6/6        EV:  2    Int:  9    God:    Xom [....*.]
Gold:   94         SH: 12    Dex:  8    Spells: 6/6 levels left

rFire    . . .     SeeInvis .   a - +0 short sword (chaos)
rCold    + . .     Gourm    .   b - +0 large shield
rNeg     + + +     Faith    .   i - +0 chain mail
rPois    ∞         Spirit   .   (no helmet)
rElec    .         Reflect  .   (no cloak)
rCorr    .         Harm     .   e - +0 pair of gloves
MR       .....                  (no boots)
Stlth    ..........             (no amulet)
HPRegen  0.00/turn              (no ring)
MPRegen  0.10/turn              (no ring)

@: especially stealthy, rotting
A: rotting body, claws 1, carnivore, cold resistance 1, negative energy
resistance 3, inhibited regeneration, torment resistance, unbreathing
a: Renounce Religion


You were on level 7 of the Dungeon.
You worshipped Xom.
You were a beloved toy of Xom.
You were not hungry.

You visited 1 branch of the dungeon, and saw 5 of its levels.

You collected 94 gold pieces.

Inventory:

Hand Weapons
 a - a +0 short sword of chaos (weapon)
Missiles
 f - 4 tomahawks of returning (quivered)
Armour
 b - a +0 large shield (worn)
 e - a +0 pair of gloves (worn)
 i - a +0 chain mail (worn)
Scrolls
 h - 2 scrolls of remove curse
Comestibles
 c - 3 rations


   Skills:
 + Level 3.8 Fighting
 + Level 4.4 Short Blades
 + Level 3.9 Throwing
 + Level 2.8 Armour
 + Level 1.4 Dodging
 + Level 2.0 Shields


You had 6 spell levels left.
You didn't know any spells.

Dungeon Overview and Level Annotations

Branches:
Dungeon (7/15)
 Temple: D:4-7

Altars:
Cheibriados
Qazlal

Annotations:
D:7 Menkaure


Innate Abilities, Weirdness & Mutations

Your body is rotting away.
You thrive on raw meat.
You are immune to poison.
You have sharp fingernails.
You are carnivorous and can eat meat at any time.
Your flesh is cold resistant. (rC+)
You are immune to negative energy. (rN+++)
You do not regenerate when monsters are visible.
You are immune to unholy pain and torment.
You can survive without breathing.


Message History

You throw a javelin. The javelin barely misses Menkaure.
Throwing (i - inventory. (,) - cycle):
d - a javelin (quivered)
Press: ? - help, Shift-Dir - straight line, f/p - Menkaure
Aim: Menkaure (lightly damaged, fast)
You throw a javelin. The javelin hits Menkaure.
Menkaure is lightly damaged.
You block Menkaure's attack.
You hit Menkaure.
Menkaure's magic leaks into the air.
Menkaure is lightly damaged.
You block Menkaure's attack.
You hit Menkaure. You freeze Menkaure.
Menkaure is moderately damaged.
Menkaure hits you.
* * * LOW HITPOINT WARNING * * *
You hit Menkaure.
You hear strange and distant voices.
Menkaure is moderately damaged.
Menkaure hits you but does no damage. Menkaure hits you!
You die...
Xom laughs nastily!

## . .# ###.#
#...# # #<#
#.#.#####.# .
.(..(.....###....
(....(M@......#
.........######
>........#
#.####..## #
#..## ...# ####


You could see Menkaure.

Vanquished Creatures
  A centaur (shapeshifter) (D:3)
  2 hounds (D:6)
  A jelly (D:6)
  A howler monkey skeleton (D:6)
  An adder (D:3)
  2 shadow imps (D:6)
  2 oozes
  A worm (D:3)
  A dart slug (D:1)
  A leopard gecko (D:3)
  3 orcs (D:3)
  3 goblins (D:1)
  2 hobgoblins
  A quokka (D:3)
  A ball python (D:3)
  4 bats
  2 frilled lizards (D:1)
  A kobold (D:2)
  3 rats (D:1)
33 creatures vanquished.

Vanquished Creatures (collateral kills)
  Pikel (D:6)
  4 slaves (D:6)
5 creatures vanquished.

Grand Total: 38 creatures vanquished

Notes
Turn   | Place    | Note
-------+----------+-------------------------------------------
     0 | D:1      | Iko the Ghoul Chaos Knight began the quest for the Orb.
     0 | D:1      | Reached XP level 1. HP: 19/19 MP: 0/0
   178 | D:1      | Reached skill level 3 in Short Blades
   209 | D:1      | Reached XP level 2. HP: 25/26 MP: 1/1
   520 | D:3      | Reached XP level 3. HP: 31/31 MP: 2/2
   555 | D:3      | Reached skill level 1 in Throwing
   623 | D:3      | XOM: divination: detect items
   627 | D:3      | Noticed a centaur
   627 | D:3      | an orc priest changed into a centaur
   629 | D:3      | Killed a centaur
   629 | D:3      | Reached skill level 1 in Dodging
   629 | D:3      | Reached XP level 4. HP: 5/40 MP: 3/3
   629 | D:3      | Reached XP level 5. HP: 6/46 MP: 4/4
   635 | D:3      | Found a snail-covered altar of Cheibriados.
   670 | D:3      | Found a stormy altar of Qazlal.
   687 | D:3      | You fall through a shaft for 3 floors!
   690 | D:6      | Noticed a slave
   691 | D:6      | Noticed a slave
   692 | D:6      | Noticed Pikel
   693 | D:6      | Noticed a slave
   693 | D:6      | Noticed a slave
   696 | D:6      | Killed a slave
   701 | D:6      | Killed a slave
   704 | D:6      | Killed a slave
   705 | D:6      | Killed a slave
   707 | D:6      | Killed Pikel
   707 | D:6      | Reached skill level 4 in Short Blades
   707 | D:6      | Reached skill level 1 in Shields
   707 | D:6      | Reached XP level 6. HP: 6/52 MP: 5/5
   734 | D:6      | XOM: cleaving
   750 | D:6      | Reached XP level 7. HP: 11/58 MP: 6/6
   830 | D:6      | XOM: cloud trail
   840 | D:7      | XOM: stealth player
   845 | D:7      | Noticed Menkaure
   853 | D:7      | Slain by Menkaure

Skill      XL: |  1  2  3  4  5  6  7 |
---------------+----------------------+-----
Short Blades   | 3 4 |  4.4
Armour         | 2 |  2.8
Throwing       | 2 3 |  3.9
Dodging        | 1 |  1.4
Shields        | 1 2 |  2.0
Fighting       | |  3.8

Action                   |  1- 3 |  4- 6 |  7- 9 || total
-------------------------+-------+-------+-------++-------
Melee: Short sword       |    57 |    26 |    34 ||   117
Throw: Javelin           |    35 |     8 |     6 ||    49
       Tomahawk          |       |     7 |       ||     7
  Use: Scroll            |     3 |       |       ||     3
       Potion            |     1 |       |       ||     1
 Stab: Paralysed         |       |       |     1 ||     1
Armor: Ring mail         |    15 |       |       ||    15
       Leather armour    |     1 |       |       ||     1
       Chain mail        |    34 |    16 |    15 ||    65
Dodge: Dodged            |    12 |     4 |     3 ||    19
Block: Large shield      |    19 |    19 |    31 ||    69
